PA
MYRTLE BEACH SEAHAWKS @ EUGENE VANDALS
06/10/2042
 
TOP OF THE 1ST
Myrtle Beach Seahawks batting - Pitching for Eugene Vandals : RHP Karel Vandemeulbroucke
Pitching: RHP Karel Vandemeulbroucke
Batting: RHB Andrew Sprinkle 0-0: Foul Ball, location: 2F
0-1: Swinging Strike
0-2: Ball
1-2: Ball
2-2: Fly out, F8 (Line Drive, 8LM, EV 91.2 MPH)
Batting: RHB Wendel Koudstaal 0-0: Ball
1-0: Ball
2-0: Called Strike
2-1: Ball
3-1: SINGLE (Groundball, 34D, EV 106.9 MPH)
Batting: RHB Darren Gordam 0-0: Called Strike
0-1: Foul Ball, location: 2F
0-2: Strikes out swinging
Batting: LHB John Allen 0-0: Ball
1-0: Called Strike
1-1: Swinging Strike
1-2: Foul Ball, location: 2F
1-2: Ball
2-2: Foul Ball, location: 2F
2-2: Foul Ball, location: 2F
2-2: Ball
3-2: Foul Ball, location: 2F
3-2: Base on Balls
Wendel Koudstaal to second
Batting: LHB Anton Zdravomyslov 0-0: Ball
1-0: Called Strike
1-1: Ball
2-1: Ball
3-1: Base on Balls
Wendel Koudstaal to third
John Allen to second
Batting: RHB Cristo Lucas 0-0: Ball
1-0: Ball
2-0: Foul Ball, location: 2F
2-1: Ball
3-1: Fielders Choice at 2nd, 6-4 (Groundball, 6, EV 105.6 MPH)
Top of the 1st over - 0 runs, 1 hit, 0 errors, 3 left on base; Myrtle Beach 0 - Eugene 0
BOTTOM OF THE 1ST
Eugene Vandals batting - Pitching for Myrtle Beach Seahawks : RHP William Morán
Pitching: RHP William Morán
Batting: RHB Jorge Quintana 0-0: Called Strike
0-1: Ball
1-1: Ball
2-1: Ball
3-1: Base on Balls
Batting: LHB Roosevelt Cartledge 0-0: Called Strike
0-1: Ball
1-1: Ball
2-1: Grounds into double play, 4-6-3 (Groundball, 4, EV 108.1 MPH)
Batting: RHB Ángel Júlio 0-0: SINGLE (Groundball, 56D, EV 99.4 MPH)
Batting: RHB Adrián Serrano 0-0: Called Strike
0-1: Called Strike
0-2: Ball
1-2: Foul Ball, location: 2F
1-2: Ball
2-2: Strikes out swinging
Bottom of the 1st over - 0 runs, 1 hit, 0 errors, 1 left on base; Myrtle Beach 0 - Eugene 0
TOP OF THE 2ND
Myrtle Beach Seahawks batting - Pitching for Eugene Vandals : RHP Karel Vandemeulbroucke
Batting: RHB Xavier Botín 0-0: Called Strike
0-1: Ball
1-1: Foul Ball, location: 2F
1-2: Ball
2-2: Ball
3-2: Strikes out swinging
Batting: RHB Bartolo Ayala 0-0: Ball
1-0: Called Strike
1-1: DOUBLE (Line Drive, 9LS, EV 91.2 MPH)
Batting: RHB Nicholas Colling 0-0: Foul Ball, location: 2F
0-1: DOUBLE (Line Drive, 7LS, EV 101.2 MPH)
Bartolo Ayala scores
Batting: RHB Andrew Sprinkle 0-0: Ball
1-0: Foul Ball, location: 2F
1-1: SINGLE (Flyball, 78M, EV 93.8 MPH)
Nicholas Colling to third
Runner from 3rd tries for Home, SAFE, throw by LF to home
Batting: RHB Wendel Koudstaal 0-0: Ball
1-0: Ball
2-0: Ball
3-0: Base on Balls
Andrew Sprinkle to second
Batting: RHB Darren Gordam 0-0: Called Strike
0-1: DOUBLE (Line Drive, 7LM, EV 111.9 MPH)
Andrew Sprinkle scores
Wendel Koudstaal to third
Runner from 3rd tries for Home, SAFE, throw by LF to home
Batting: LHB John Allen 0-0: Called Strike
0-1: Ball
1-1: Hit by Pitch
Batting: LHB Anton Zdravomyslov 0-0: Foul Ball, location: 2F
0-1: Ball
Wild Pitch!
Darren Gordam to third
John Allen to second
1-1: Foul Ball, location: 2F
1-2: DOUBLE (Flyball, 78D, EV 92.5 MPH)
Darren Gordam scores
John Allen scores
Pitching: RHP Hugo Pińón
Batting: RHB Cristo Lucas 0-0: Ball
1-0: Swinging Strike
1-1: Hit by Pitch
Batting: RHB Xavier Botín 0-0: Called Strike
0-1: Ball
1-1: Swinging Strike
1-2: Strikes out looking
Batting: RHB Bartolo Ayala 0-0: Swinging Strike
0-1: Ball
1-1: Swinging Strike
1-2: Strikes out swinging
Top of the 2nd over - 6 runs, 5 hits, 0 errors, 2 left on base; Myrtle Beach 6 - Eugene 0
BOTTOM OF THE 2ND
Eugene Vandals batting - Pitching for Myrtle Beach Seahawks : RHP William Morán
Batting: SHB Dave Richards 0-0: Ball
1-0: SINGLE (Groundball, 6MD, EV 103.1 MPH)
Batting: RHB Edgar Rodríguez 0-0: Foul Ball, location: 2F
0-1: Called Strike
0-2: Ball
1-2: Ball
2-2: Fly out, F7 (Line Drive, 7, EV 90.0 MPH)
Batting: RHB Ken Francis 0-0: Fly out, F8 (Flyball, 8RD, EV 99.4 MPH)
Batting: RHB Tim Jarvis 0-0: Ball
1-0: Foul Ball, location: 2F
1-1: Ground out 4-3 (Groundball, 34, EV 91.9 MPH)
Bottom of the 2nd over - 0 runs, 1 hit, 0 errors, 1 left on base; Myrtle Beach 6 - Eugene 0
TOP OF THE 3RD
Myrtle Beach Seahawks batting - Pitching for Eugene Vandals : RHP Hugo Pińón
Batting: RHB Nicholas Colling 0-0: Called Strike
0-1: Swinging Strike
0-2: Strikes out looking
Batting: RHB Andrew Sprinkle 0-0: Foul Ball, location: 2F
0-1: Called Strike
0-2: Strikes out swinging
Batting: RHB Wendel Koudstaal 0-0: Called Strike
0-1: Ball
1-1: Ball
2-1: Ball
3-1: Base on Balls
Batting: RHB Darren Gordam 0-0: Called Strike
0-1: Ball
1-1: Foul Ball, location: 2F
1-2: Foul Ball, location: 2F
1-2: Ball
2-2: Ball
3-2: SINGLE (Line Drive, 8RS, EV 106.2 MPH)
Wendel Koudstaal to second
Wendel Koudstaal to third
Batting: LHB John Allen 0-0: Foul Ball, location: 2F
0-1: Foul Ball, location: 2F
0-2: Foul Ball, location: 2F
0-2: Ball
1-2: Foul Ball, location: 2F
1-2: Strikes out looking
Top of the 3rd over - 0 runs, 1 hit, 0 errors, 2 left on base; Myrtle Beach 6 - Eugene 0
BOTTOM OF THE 3RD
Eugene Vandals batting - Pitching for Myrtle Beach Seahawks : RHP William Morán
Batting: RHB Will Ross 0-0: SINGLE (Line Drive, 6D, EV 94.4 MPH)
Batting: RHB Jorge Quintana 0-0: Ball
1-0: Called Strike
1-1: Fly out, F6 (Popup, P, EV 70.0 MPH)
Batting: LHB Roosevelt Cartledge 0-0: Called Strike
0-1: Swinging Strike
0-2: Fly out, F7 (Line Drive, 7, EV 103.1 MPH)
Batting: RHB Ángel Júlio 0-0: Called Strike
0-1: Ball
1-1: Foul Ball, location: 2F
1-2: Strikes out swinging
Bottom of the 3rd over - 0 runs, 1 hit, 0 errors, 1 left on base; Myrtle Beach 6 - Eugene 0
TOP OF THE 4TH
Myrtle Beach Seahawks batting - Pitching for Eugene Vandals : RHP Hugo Pińón
Batting: LHB Anton Zdravomyslov 0-0: Called Strike
0-1: Swinging Strike
0-2: Ball
1-2: Strikes out looking
Batting: RHB Cristo Lucas 0-0: Ball
1-0: Foul Ball, location: 2F
1-1: Ball
2-1: Foul Ball, location: 2F
2-2: Ball
3-2: Fly out, F6 (Popup, 56D, EV 56.2 MPH)
Batting: RHB Xavier Botín 0-0: Ground out 4-3 (Groundball, 4M, EV 90.6 MPH)
Top of the 4th over - 0 runs, 0 hits, 0 errors, 0 left on base; Myrtle Beach 6 - Eugene 0
BOTTOM OF THE 4TH
Eugene Vandals batting - Pitching for Myrtle Beach Seahawks : RHP William Morán
Batting: RHB Adrián Serrano 0-0: SINGLE (Flyball, 9S, EV 88.1 MPH)
Batting: SHB Dave Richards 0-0: Ground out 4-3 (Groundball, 4, EV 83.8 MPH)
Adrián Serrano to second
Batting: RHB Edgar Rodríguez 0-0: Ball
1-0: Ball
2-0: Ball
3-0: Called Strike
3-1: SINGLE (Groundball, 34D, EV 97.5 MPH)
Adrián Serrano to third
Batting: RHB Ken Francis 0-0: Swinging Strike
0-1: Ball
1-1: Fly out, F9 (Flyball, 9LSF, EV 83.1 MPH)
Batting: RHB Tim Jarvis 0-0: Fly out, F9 (Flyball, 89S, EV 90.0 MPH)
Bottom of the 4th over - 0 runs, 2 hits, 0 errors, 2 left on base; Myrtle Beach 6 - Eugene 0
TOP OF THE 5TH
Myrtle Beach Seahawks batting - Pitching for Eugene Vandals : RHP Hugo Pińón
Batting: RHB Bartolo Ayala 0-0: Called Strike
0-1: Ball
1-1: Ball
2-1: Ball
3-1: Base on Balls
Batting: RHB Nicholas Colling 0-0: Ball
1-0: Called Strike
1-1: Ball
2-1: Fly out, F8 (Flyball, 78D, EV 88.1 MPH)
Batting: RHB Andrew Sprinkle 0-0: Called Strike
0-1: Ball
Bartolo Ayala steals 2nd base
1-1: Ball
2-1: Swinging Strike
2-2: Fly out, F8 (Line Drive, 8LM, EV 95.0 MPH)
Batting: RHB Wendel Koudstaal 0-0: Fly out, F7 (Flyball, 7S, EV 87.5 MPH)
Top of the 5th over - 0 runs, 0 hits, 0 errors, 1 left on base; Myrtle Beach 6 - Eugene 0
BOTTOM OF THE 5TH
Eugene Vandals batting - Pitching for Myrtle Beach Seahawks : RHP William Morán
Batting: RHB Will Ross 0-0: Ball
1-0: Swinging Strike
1-1: Ball
2-1: Foul Ball, location: 2F
2-2: Ground out 5-3 (Groundball, 5L, EV 81.2 MPH)
Batting: RHB Jorge Quintana 0-0: Ball
1-0: Called Strike
1-1: Ball
2-1: Fly out, F9 (Line Drive, 9, EV 109.4 MPH)
Batting: LHB Roosevelt Cartledge 0-0: Foul Ball, location: 2F
0-1: Ball
1-1: Ground out U3 (Groundball, 34S, EV 75.6 MPH)
Bottom of the 5th over - 0 runs, 0 hits, 0 errors, 0 left on base; Myrtle Beach 6 - Eugene 0
TOP OF THE 6TH
Myrtle Beach Seahawks batting - Pitching for Eugene Vandals : RHP Hugo Pińón
Batting: RHB Darren Gordam 0-0: Ball
1-0: Swinging Strike
1-1: Ball
2-1: Swinging Strike
2-2: Ball
3-2: Foul Ball, location: 2F
3-2: Foul Ball, location: 2F
3-2: SINGLE (Line Drive, 3D, EV 98.1 MPH)
Pitching: RHP Juan Salas
Batting: LHB John Allen 0-0: Called Strike
0-1: Ball
1-1: Ball
2-1: Swinging Strike
2-2: SINGLE (Line Drive, 9S, EV 100.6 MPH)
Darren Gordam to second
Batting: LHB Anton Zdravomyslov 0-0: Ball
1-0: Foul Ball, location: 2F
1-1: Foul Ball, location: 2F
1-2: Foul Ball, location: 2F
1-2: Ball
2-2: Fly out, F8 (Flyball, 89M, EV 93.8 MPH)
Batting: RHB Cristo Lucas 0-0: Foul Ball, location: 2F
0-1: Foul Ball, location: 2F
0-2: Ball
1-2: Foul Ball, location: 2F
1-2: Strikes out swinging
Batting: RHB Xavier Botín 0-0: Ball
1-0: Foul Ball, location: 2F
1-1: Ball
2-1: Called Strike
2-2: Ground out 5-3 (Groundball, 56S, EV 83.1 MPH)
Top of the 6th over - 0 runs, 2 hits, 0 errors, 2 left on base; Myrtle Beach 6 - Eugene 0
BOTTOM OF THE 6TH
Eugene Vandals batting - Pitching for Myrtle Beach Seahawks : RHP William Morán
Batting: RHB Ángel Júlio 0-0: Ball
1-0: Ground out 1-3 (Groundball, P, EV 76.2 MPH)
Batting: RHB Adrián Serrano 0-0: SINGLE (Line Drive, 56D, EV 103.8 MPH)
Batting: SHB Dave Richards 0-0: Swinging Strike
0-1: Foul Ball, location: 2F
0-2: Ball
1-2: Strikes out swinging
Batting: RHB Edgar Rodríguez 0-0: Ball
1-0: Foul Ball, location: 2F
1-1: Called Strike
1-2: Strikes out looking
Bottom of the 6th over - 0 runs, 1 hit, 0 errors, 1 left on base; Myrtle Beach 6 - Eugene 0
TOP OF THE 7TH
Myrtle Beach Seahawks batting - Pitching for Eugene Vandals : RHP Juan Salas
Batting: RHB Bartolo Ayala 0-0: Swinging Strike
0-1: Foul Ball, location: 2F
0-2: Ball
1-2: Ball
2-2: SINGLE (Line Drive, 56D, EV 94.4 MPH)
Batting: RHB Nicholas Colling 0-0: Grounds into double play, 6-4-3 (Groundball, 6M, EV 108.1 MPH)
Batting: RHB Andrew Sprinkle 0-0: Ball
1-0: Swinging Strike
1-1: Ball
2-1: Fly out, F8 (Flyball, 8LS, EV 88.1 MPH)
Top of the 7th over - 0 runs, 1 hit, 0 errors, 0 left on base; Myrtle Beach 6 - Eugene 0
BOTTOM OF THE 7TH
Eugene Vandals batting - Pitching for Myrtle Beach Seahawks : RHP William Morán
Batting: RHB Ken Francis 0-0: Ball
1-0: Ground out 6-3 (Groundball, 6, EV 88.8 MPH)
Batting: RHB Tim Jarvis 0-0: Foul Ball, location: 2F
0-1: Ball
1-1: SINGLE (Groundball, 6MD, EV 100.0 MPH)
Batting: RHB Will Ross 0-0: Ball
1-0: Called Strike
1-1: Ball
2-1: Foul Ball, location: 2F
2-2: Strikes out looking
Pitching: LHP Lance Simmons
Batting: RHB Jorge Quintana 0-0: Ball
Wild Pitch!
Tim Jarvis to second
1-0: Ball
2-0: Ball
3-0: Base on Balls
Batting: LHB Roosevelt Cartledge 0-0: Ball
1-0: Called Strike
1-1: Foul Ball, location: 2F
1-2: Fly out, F6 (Popup, 56, EV 74.4 MPH)
Bottom of the 7th over - 0 runs, 1 hit, 0 errors, 2 left on base; Myrtle Beach 6 - Eugene 0
TOP OF THE 8TH
Myrtle Beach Seahawks batting - Pitching for Eugene Vandals : RHP Juan Salas
Batting: RHB Wendel Koudstaal 0-0: Swinging Strike
0-1: Ball
1-1: Called Strike
1-2: Strikes out swinging
Batting: RHB Darren Gordam 0-0: Called Strike
0-1: TRIPLE (Line Drive, 8RXD, EV 102.5 MPH)
Batting: LHB John Allen 0-0: Ground out 6-3 (Groundball, 56, EV 87.5 MPH)
Darren Gordam scores
Pinch Hitting: LHB Andrés Indiano 0-0: Ball
1-0: Ball
2-0: Called Strike
2-1: Called Strike
2-2: Ball
3-2: Strikes out swinging
Top of the 8th over - 1 run, 1 hit, 0 errors, 0 left on base; Myrtle Beach 7 - Eugene 0
BOTTOM OF THE 8TH
Eugene Vandals batting - Pitching for Myrtle Beach Seahawks : LHP Lance Simmons
Now in RF: Andrés Indiano
Pinch Hitting: RHB Nate Martin 0-0: Foul Ball, location: 2F
0-1: Foul Ball, location: 2F
0-2: Ball
1-2: Ball
2-2: Strikes out looking
Batting: RHB Adrián Serrano 0-0: Swinging Strike
0-1: Ball
1-1: Swinging Strike
1-2: Strikes out swinging
Batting: SHB Dave Richards 0-0: Called Strike
0-1: Ball
1-1: Swinging Strike
1-2: Ball
2-2: Foul Ball, location: 2F
2-2: Ball
3-2: SINGLE (Line Drive, 9S, EV 91.9 MPH)
Batting: RHB Edgar Rodríguez 0-0: Ground out 4-3 (Groundball, 4, EV 103.1 MPH)
Bottom of the 8th over - 0 runs, 1 hit, 0 errors, 1 left on base; Myrtle Beach 7 - Eugene 0
TOP OF THE 9TH
Myrtle Beach Seahawks batting - Pitching for Eugene Vandals : RHP Juan Salas
Now in CF: Nate Martin
Batting: RHB Cristo Lucas 0-0: Ball
1-0: Ball
2-0: Ball
3-0: Called Strike
3-1: Foul Ball, location: 2F
3-2: Fly out, F8 (Flyball, 89D, EV 95.6 MPH)
Pinch Hitting: RHB Aleixos Arde 0-0: Fly out, F9 (Flyball, 89D, EV 97.5 MPH)
Batting: RHB Bartolo Ayala 0-0: Foul Ball, location: 2F
0-1: Swinging Strike
0-2: Ball
1-2: Ball
2-2: Ground out 5-3 (Groundball, 56, EV 79.4 MPH)
Top of the 9th over - 0 runs, 0 hits, 0 errors, 0 left on base; Myrtle Beach 7 - Eugene 0
BOTTOM OF THE 9TH
Eugene Vandals batting - Pitching for Myrtle Beach Seahawks : LHP Lance Simmons
Now at C: Aleixos Arde
Pinch Hitting: RHB Paco Guzmán 0-0: Foul Ball, location: 2F
0-1: Ball
1-1: Ball
2-1: Foul Ball, location: 2F
2-2: Strikes out looking
Batting: RHB Tim Jarvis 0-0: SINGLE (Line Drive, 8LS, EV 100.6 MPH)
Batting: RHB Will Ross 0-0: Ball
Wild Pitch!
Tim Jarvis to second
1-0: Called Strike
1-1: Foul Ball, location: 2F
1-2: Ball
2-2: Strikes out swinging
Batting: RHB Jorge Quintana 0-0: Called Strike
0-1: DOUBLE (Line Drive, 3D, EV 96.2 MPH)
Tim Jarvis scores
Batting: LHB Roosevelt Cartledge 0-0: Called Strike
0-1: Ball
1-1: TRIPLE (Flyball, 9LD, EV 101.2 MPH)
Jorge Quintana scores
Pitching: RHP Joe Gregg
Batting: RHB Nate Martin 0-0: Foul Ball, location: 2F
0-1: Ball
1-1: SINGLE (Groundball, 56D, EV 97.5 MPH)
Roosevelt Cartledge scores
Batting: RHB Adrián Serrano 0-0: Called Strike
0-1: Foul Ball, location: 2F
0-2: Ball
1-2: Ball
2-2: Strikes out looking
Bottom of the 9th over - 3 runs, 4 hits, 0 errors, 1 left on base; Myrtle Beach 7 - Eugene 3
Friday, March 26th, 2021 - OOTP Baseball 20.8 Build 74